 Dungeon Crawl Stone Soup version 0.19.1 (webtiles) character file.

126 Peloso the Covered (level 4, 0/35 HPs)
             Began as a Demonspawn Fighter on Dec 23, 2016.
             Slain by a shadow imp (3 damage)
             ... summoned by Natasha
             ... on level 2 of the Dungeon.
             The game lasted 00:06:16 (1799 turns).

Peloso the Covered (Demonspawn Fighter)             Turns: 1799, Time: 00:06:18

Health: 0/35       AC:  8    Str: 18    XL:     4   Next: 83%
Magic:  0/4        EV:  7    Int:  9    God:
Gold:   75         SH:  9    Dex: 12    Spells: 0 memorised, 3 levels left

rFire  . . .     SeeInvis .     a - +0 long sword
rCold  . . .     Gourm    .     b - +0 scale mail
rNeg   . . .     Faith    .     c - +0 shield
rPois  .         Spirit   +     (no helmet)
rElec  .         Reflect  .     (no cloak)
rCorr  .         Harm     .     (no gloves)
MR     .....                    (no boots)
Stlth  ..........               (no amulet)
                                (no ring)
                                (no ring)

@: no status effects
A: icy blue scales 1, magic shield
a: no special abilities


You were on level 2 of the Dungeon.
You were not hungry.

You visited 1 branch of the dungeon, and saw 2 of its levels.

You collected 75 gold pieces.

Inventory:

Hand Weapons
 a - a +0 long sword (weapon)
Armour
 b - a +0 scale mail (worn)
 c - a +0 shield (worn)
Jewellery
 o - a cursed ring of loudness {unknown}
Scrolls
 e - 2 scrolls of identify {unknown}
 g - a scroll of fear {unknown}
 h - 2 scrolls of blinking {unknown}
 i - a scroll of magic mapping {unknown}
 j - 4 scrolls of remove curse {unknown}
 m - 2 scrolls of teleportation {unknown}
 n - a scroll of recharging {unknown}
Potions
 d - a potion of might
 k - a potion of agility {unknown}
 l - a potion of haste {unknown}
Comestibles
 f - 2 bread rations
 p - 6 chunks of flesh


   Skills:
 + Level 3.2 Fighting
 + Level 3.0 Long Blades
 + Level 3.5 Armour
 + Level 0.5 Dodging
 + Level 3.3 Shields


You had 3 spell levels left.
You didn't know any spells.

Dungeon Overview and Level Annotations

Branches:
Dungeon (2/15)

Altars:

Annotations:
D:2 Natasha


Innate Abilities, Weirdness & Mutations

You are partially covered in icy blue scales. (AC +2)
When hurt, damage is shared between your health and your magic reserves.


Message History

Natasha is heavily wounded.
Natasha howls an incantation.
Natasha's front paws start to glow.
Natasha closely misses you. The shadow imp gestures at you.
Pain shoots through your body!
You closely miss Natasha.
Natasha is heavily wounded.
You block Natasha's attack. The shadow imp barely misses you.
Natasha wildly gestures.
You feel troubled. Natasha claws you!
Unknown command.
You barely miss Natasha.
Natasha is heavily wounded.
The shadow imp hits you but does no damage.
Natasha claws you!
* * * LOW HITPOINT WARNING * * *
The shadow imp hits you.
You die...

..#.........#.......##.##.#####.#
..#.........#.......##.##.#...#.#
..'.†.......#.##'#####.##.#.....#
..#.........#.##.# #.##.###.###
..########..#.##.# #.##.# #.#..
..# #..#.##.# #.##.###.#.# ..#
#..#.##.# #.##.#...#.# ..#
##.#.##.#####.##.#.###.# ..#
#....h@......##.......#
..#########..###5###########.####
..........#...##.# #.............
..........#.#.##.# #.#######...##
..........#.#..#.# #.# ......
......#####.##.#.# #.# ##.###.
.....)#####.##.#.# #.# ... .
......'...#. #.#.# #.# #.#
......###.#. #.#.# #.# ..#


You could see Natasha and a shadow imp.

Vanquished Creatures
  Natasha (D:2)
  3 gnolls
  4 adders (D:2)
  A ball python (D:1)
  4 bats (D:1)
  A giant cockroach (D:1)
  7 goblins
  3 hobgoblins
  5 jackals
  A frilled lizard (D:1)
  5 kobolds
  3 rats (D:1)
38 creatures vanquished.

Notes
Turn   | Place    | Note
-------+----------+-------------------------------------------
     0 | D:1      | Peloso the Demonspawn Fighter began the quest for the Orb.
     0 | D:1      | Reached XP level 1. HP: 18/18 MP: 1/1
   379 | D:1      | Gained mutation: When hurt, damage is shared between your health and your magic reserves. [demonic ancestry]
   379 | D:1      | Reached XP level 2. HP: 24/24 MP: 2/2
   810 | D:2      | Gained mutation: You are partially covered in icy blue scales. (AC +2) [demonic ancestry]
   810 | D:2      | Reached XP level 3. HP: 20/29 MP: 3/3
  1174 | D:1      | Reached XP level 4. HP: 15/35 MP: 1/4
  1637 | D:2      | Noticed Natasha
  1642 | D:2      | Killed Natasha
  1789 | D:2      | Noticed Natasha
  1799 | D:2      | Slain by a shadow imp

Skill      XL: |  1  2  3  4 |
---------------+-------------+-----
Armour         | 3 |  3.5
Shields        | 3 |  3.3
Long Blades    | 2 3 |  3.0
Fighting       | |  3.2
Dodging        | |  0.5

Action                   |  1- 3 |  4- 6 || total
-------------------------+-------+-------++-------
Melee: Long sword        |   125 |    37 ||   162
  Eat: Chunk             |       |     3 ||     3
Armor: Scale mail        |    70 |    19 ||    89
Dodge: Dodged            |    35 |    13 ||    48
Block: Shield            |    76 |    20 ||    96
       Rpst.: Long sword |    12 |     3 ||    15
